 Dungeon Sprint DCSS version 0.28.0-62-gf88900778d (webtiles) character file.

Game seed: 11029472233851905232

1071 Iago the Grappler (level 8, -1/89 HPs)
             Began as a Troll Berserker on Feb 24, 2023.
             Was an Elder of Trog.
             Slain by a demonic crawler (6 damage)
             ... in the Dungeon (Sprint I: "Red Sonja").
             The game lasted 00:03:07 (179 turns).

Iago the Grappler (Troll Berserker)                  Turns: 179, Time: 00:03:08

Health: -1/89      AC:  4    Str: 28    XL:     8   Next: 7%
Magic:  7/7        EV: 12    Int:  3    God:    Trog [****..]
Gold:   288        SH:  0    Dex:  9    Spells: 7/7 levels left

rFire   . . .      SeeInvis .     - Unarmed
rCold   . . .      Faith    .   (no shield)
rNeg    . . .      Spirit   .   a - +0 animal skin
rPois   .          Reflect  .   (helmet restricted)
rElec   .          Harm     .   (no cloak)
rCorr   .          Rampage  .   (gloves unavailable)
Will    .....      NoTele   +   (boots unavailable)
Stlth   +.........              (no amulet)
HPRegen 1.04/turn               (no ring)
MPRegen 0.10/turn               (no ring)

@: on berserk cooldown, slowed, very slow
A: large, unfitting armour, claws 3, regeneration 1, shaggy fur 1, tough skin 1
a: Renounce Religion, Berserk, Trog's Hand, Brothers in Arms


You were in the Dungeon.
You worshipped Trog.
Trog was greatly pleased with you.
You visited 1 branch You collected 288 gold pieces.

Inventory:

Armour
 a - a +0 animal skin (worn)
Scrolls
 g - a scroll of blinking
Potions
 b - a potion of curing
 c - a potion of heal wounds
 d - a potion of haste
 e - 2 potions of magic
 f - a potion of berserk rage


   Skills:
 * Level 8.4 Fighting
 * Level 8.8 Dodging
 * Level 11.6 Unarmed Combat


You had 7 spell levels left.
You didn't know any spells.
Your spell library was empty.

Dungeon Overview and Level Annotations

Branches:
Dungeon (1/1)

Altars:
Makhleb
Sif Muna
Vehumet
Wu Jian
Xom
Jiyva
Lugonu


Innate Abilities, Weirdness & Mutations

You are too large for most types of armour.
You have claws for hands.
Your natural rate of healing is unusually fast.
You are covered in fur. (AC +1)
You have tough skin. (AC +1)


Message History

You feel a strong urge to attack something.
The door flies open with a bang!
You feel your anger nearly subside. 4 demonic crawlers come into view.
The demonic crawler gives a hideous shriek! x4
You scratch the demonic crawler but do no damage.
You are no longer berserk.
You are exhausted.
You feel yourself slow down.
The demonic crawler shrieks in warning!
The demonic crawler closely misses you. The demonic crawler hits you.
The demonic crawler hits you!
The demonic crawler shrieks in warning!
You mangle the demonic crawler!!
The demonic crawler is moderately wounded.
The demonic crawler shrieks in warning!
The demonic crawler barely misses you. The demonic crawler hits you.
The demonic crawler hits you!
You mangle the demonic crawler!!
The demonic crawler is severely wounded.
The demonic crawler shrieks in warning!
You hear an angry buzzing noise.
You claw the demonic crawler!
The demonic crawler is lightly wounded.
The demonic crawler closely misses you. The demonic crawler barely misses you.
The demonic crawler hits you! x2; The demonic crawler barely misses you.
The demonic crawler hits you! The demonic crawler barely misses you.
The demonic crawler hits you!
* * * LOW HITPOINT WARNING * * *
The demonic crawler hits you!
* * * LOW HITPOINT WARNING * * *
You claw the demonic crawler! Your claw misses the demonic crawler.
The demonic crawler is moderately wounded.
The demonic crawler hits you.
* * * LOW HITPOINT WARNING * * *
The demonic crawler misses you.
The demonic crawler hits you but does no damage.
The demonic crawler shrieks in warning!
The demonic crawler closely misses you. x2; The demonic crawler hits you.
You die...

##################
.#.)'..#__#..')..#
.'..#..'..'..#..s##+#
'#####'#__####..@ss.#
.# #)#### #####s.+ ##
##.# ## #+#_.+ +..._#
#_.#+# ##+


You could see 4 demonic crawlers.

Vanquished Creatures
  2 kobold demonologists (D)
  A slime creature (D)
  Sigmund (D)
  A floating eye (D)
  An ogre (D)
  A jelly (D)
  Ijyb (D)
8 creatures vanquished.

Notes
Turn   | Place    | Note
-------+----------+-------------------------------------------
     0 | D        | Iago the Troll Berserker began the quest for the Orb.
     0 | D        | Reached XP level 1. HP: 22/22 MP: 0/0
     1 | D        | Noticed Ijyb
     2 | D        | Paralysed by Ijyb for 4 turns
    21 | D        | Killed Ijyb
    22 | D        | Reached skill level 4 in Unarmed Combat
    22 | D        | Reached XP level 2. HP: 16/32 MP: 1/1
    42 | D        | Noticed an ogre
    45 | D        | Killed an ogre
    46 | D        | Reached skill level 5 in Dodging
    46 | D        | Reached skill level 6 in Unarmed Combat
    46 | D        | Reached XP level 3. HP: 41/41 MP: 2/2
    46 | D        | Reached XP level 4. HP: 49/49 MP: 3/3
    81 | D        | Noticed Sigmund
    85 | D        | Killed Sigmund
    85 | D        | Reached ** piety under Trog
    86 | D        | Reached skill level 8 in Unarmed Combat
    86 | D        | Reached XP level 5. HP: 59/59 MP: 4/4
    97 | D        | Found a shimmering blue altar of Sif Muna.
    98 | D        | Found an ornate altar of the Wu Jian Council.
    99 | D        | Found a radiant altar of Vehumet.
   103 | D        | Reached XP level 6. HP: 59/68 MP: 5/5
   117 | D        | Found a viscous altar of Jiyva.
   117 | D        | Found a corrupted altar of Lugonu.
   117 | D        | Noticed a slime creature
   118 | D        | Found a burning altar of Makhleb.
   118 | D        | Found a shimmering altar of Xom.
   126 | D        | Killed a slime creature
   127 | D        | Reached skill level 9 in Unarmed Combat
   159 | D        | Noticed a kobold demonologist
   159 | D        | Noticed a floating eye
   160 | D        | Noticed a kobold demonologist
   162 | D        | Noticed a ynoxinul
   162 | D        | Killed a kobold demonologist
   162 | D        | Reached *** piety under Trog
   162 | D        | Paralysed by a floating eye for 3 turns
   163 | D        | Reached skill level 10 in Unarmed Combat
   163 | D        | Reached XP level 7. HP: 73/79 MP: 6/6
   164 | D        | Noticed a neqoxec
   168 | D        | Killed a kobold demonologist
   169 | D        | Reached skill level 11 in Unarmed Combat
   170 | D        | Reached **** piety under Trog
   171 | D        | Reached XP level 8. HP: 89/89 MP: 7/7
   174 | D        | Noticed a demonic crawler
   174 | D        | Noticed a demonic crawler
   174 | D        | Noticed a demonic crawler
   174 | D        | Noticed a demonic crawler
   179 | D        | Slain by a demonic crawler

Illustrated notes

Levels and vault maps discovered:
D:        dungeon_sprint_1 [red_sonja_temple_1, red_sonja_temple_small_1]

Skill      XL: |  1  2  3  4  5  6  7 |
---------------+----------------------+-----
Fighting       | 3 4 6 7 8 |  8.4
Dodging        | 3 5 6 8 |  8.8
Unarmed Combat | 4 6 8 10 11 | 11.6

Action                   |  1- 3 |  4- 6 |  7- 9 || total
-------------------------+-------+-------+-------++-------
Melee: Unarmed           |    18 |    15 |     9 ||    42
       Punch             |     1 |       |     1 ||     2
Invok: Berserk           |     1 |       |     1 ||     2
Armor: Animal skin       |     2 |     4 |     8 ||    14
Dodge: Dodged            |     4 |     5 |    11 ||    20
